 Dungeon Crawl Stone Soup version 0.02-213-g07563d0 (webtiles) character file.

Game seed: 11812730017572794906, levelgen mode: deterministic

262 Kalegnar the Chopper (level 5, -1/50 HPs) Minotaur Monk. Began on Nov 19, 2020. Slain by a crocodile (4 damage) ... on level 2 of the Dungeon. The game lasted 00:05:54 (1228 turns).

Kalegnar the Chopper (Minotaur Monk)                Turns: 1228, Time: 00:05:55

Health: -1/50      AC:  5    Str: 16    XL:     5 ^: 5
Magic:  4/4        EV: 12    Int: 12    God:
Gold:   70         SH:  0    Dex: 13    Spells: 4/4 levels left

rFire    . . .     Vision   .   m - +0 hunting sling
rCold    . . .     Gourm    .   a - +0 hatchet
rNeg     . . .     Faith    .   o - +0 ring mail
rPois    .         Spirit   .   (helmet restricted)
rElec    .         Reflect  .   (no cloak)
rCorr    +         Harm     .   (no gloves)
MR       .....                  (no boots)
Stlth    +.........             (no amulet)
HPRegen  0.26/turn              l - ring of resist corrosion
MPRegen  0.14/turn              q - ring of intelligence

@: no status effects
A: retaliatory headbutt, horns 2
a: no special abilities


You were on level 2 of the Dungeon.
You were not hungry.

You visited 1 branch of the dungeon, and saw 2 of its levels.

You collected 70 gold pieces.

Inventory:

Weapons
 a - a +0 hatchet (weapon)
 m - a +0 hunting sling (weapon)
Armour
 o - a +0 ring mail (worn)
Jewellery
 e - a cursed ring of wizardry {(Curse: rC-)}
 l - a ring of resist corrosion (left hand)
 q - a ring of intelligence (right hand)
Scrolls
 b - a scroll of amnesia
 g - a scroll of vulnerability
 n - a scroll of holy word
Potions
 d - a potion of invisibility
 f - a potion of berserk rage
 h - 2 potions of haste
 i - a potion of magic
 j - 2 potions of heal wounds
 k - a potion of brilliance
Comestibles
 c - 8 rations
 p - a chunk of flesh


   Skills:
 + Level 5.7 Fighting
 + Level 5.7 Axes & Hammers
 + Level 2.8 Slings
 - Level 3.2 Dodging
 - Level 1.5 Stealth


You had 4 spell levels left.
You didn't know any spells.
Your spell library was empty.

Dungeon Overview and Level Annotations

Branches:
Dungeon (2/8)

Altars:


Innate Abilities, Weirdness & Mutations

You reflexively headbutt those who attack you in melee.
You have a pair of horns on your head.


Message History

The jelly closely misses you (0). You furiously retaliate!
You headbutt the jelly (7)! You hit the crocodile (3).
You headbutt the crocodile (1).
The crocodile is almost dead. (5/27) HP You hit the jelly (2).
You kill the jelly!
The crocodile closely misses you (0).
Something bites the withered plant (3).
You hit the crocodile but do no damage.
The crocodile is almost dead. (5/27) HP The crocodile barely misses you (0).
You furiously retaliate!
You headbutt the crocodile, but do no damage.
You hit the crocodile (3).
The crocodile is almost dead. (3/27) HP The crocodile bites you (7)!
* * * LOW HITPOINT WARNING * * *
You hit the crocodile (1).
The crocodile is almost dead. (2/27) HP The crocodile bites you but does no damage.
You barely miss the crocodile. The crocodile bites you (4).
You die...

≈ ≈. ≈≈. .....# ≈≈≈.
.....≈ ### ≈.≈≈.
......≈## ##≈#..P≈≈.
≈≈≈≈≈......P####@t≈.P≈P
≈≈≈≈≈b......##≈≈.##≈≈b≈≈.
≈≈≈≈..#...≈.##..## ≈≈≈≈.
≈≈≈≈≈....#..##≈####..≈≈≈.
≈≈≈≈≈≈.....≈.≈≈≈....≈≈≈≈≈
P≈PPPP≈≈≈≈≈.≈≈≈≈.≈.≈≈≈ ;≈
PP≈≈≈≈≈≈≈b≈.≈≈≈≈≈≈.≈≈≈ ≈
PP≈≈≈≈≈..≈..≈≈≈≈b≈..≈≈
P≈≈≈≈≈..≈≈≈.≈≈≈≈≈≈≈...


You could see a crocodile.

Vanquished Creatures
  A big kobold (D:1)
  A jelly (D:2)
  4 giant cockroaches
  7 sewer rats
  2 cinder newts
  An ooze (D:2)
  3 dart slugs (D:1)
  2 goblins (D:1)
  4 hobgoblins (D:1)
  A ball python (D:1)
  8 kobolds
  3 rats
  2 withered plants (D:2)
39 creatures vanquished.

Vanquished Creatures (others)
  21 withered plants (D:2)
21 creatures vanquished.

Grand Total: 60 creatures vanquished

Notes
Turn   | Place    | Note
-------+----------+-------------------------------------------
     0 | D:1      | Kalegnar the Minotaur Monk began the quest for the Orb.
     0 | D:1      | Reached XP level 1. HP: 19/19 MP: 0/0
    14 | D:1      | Reached XP level 2. HP: 27/27 MP: 1/1
   113 | D:1      | Reached XP level 3. HP: 34/34 MP: 2/2
   729 | D:2      | Noticed a big kobold
   748 | D:1      | Reached skill level 1 in Slings
   748 | D:1      | Reached XP level 4. HP: 36/41 MP: 3/3
   806 | D:1      | Killed a big kobold
   806 | D:1      | Reached skill level 5 in Fighting
   806 | D:1      | Reached skill level 5 in Axes & Hammers
   806 | D:1      | Reached XP level 5. HP: 11/48 MP: 4/4
  1226 | D:2      | HP: 2/50 [crocodile (7)]
  1228 | D:2      | Slain by a crocodile

Levels and vault maps discovered:
D:1:      denvon_arrival_waterhouse, layout_loops_ring
D:2:      layout_sewer, first_ration, minmay_manual_mares

Skill      XL: |  1  2  3  4 |
---------------+-------------+-----
Fighting       | 4 5 |  5.7
Axes & Hammers | 4 5 |  5.7
Slings         | 1 2 |  2.8
Dodging        | |  3.2
Stealth        | |  1.5

Action                   |  1- 3 |  4- 6 || total
-------------------------+-------+-------++-------
Melee: Hatchet           |    32 |    79 ||   111
       Unarmed           |    15 |       ||    15
       Headbutt          |     8 |    17 ||    25
 Fire: Hunting sling     |     8 |    22 ||    30
  Use: Potion            |       |     1 ||     1
 Stab: Sleeping          |     2 |       ||     2
  Eat: Chunk             |       |     1 ||     1
Armor: Robe              |     2 |       ||     2
       Ring mail         |     1 |    11 ||    12
Dodge: Dodged            |    24 |    46 ||    70
